 Dungeon Crawl Stone Soup version 0.31-a0-1540-g5a0b83f448 (webtiles) character file.

Game seed: 5414257715587335781

7044 whatisthis the Destroyer (level 10, -2/86 (91) HPs)
             Began as a Black Draconian Conjurer on Jan 1, 2024.
             Was an Elder of Vehumet.
             Slain by a smoke demon (4 damage)
             ... on level 9 of the Dungeon.
             The game lasted 00:35:22 (8778 turns).

whatisthis the Destroyer (Black Draconian Conjurer) Turns: 8778, Time: 00:35:23

HP:   -2/86 (91)    AC: 11    Str: 13    XL:     10   Next: 83%
MP:   7/23          EV: 12    Int: 32    God:    Vehumet [****..]
Gold: 712           SH:  0    Dex: 12    Spells: 13/28 levels left

rFire   . . .        n - +9 sling of Shrieking Terror {heavy, Str+3 Dex+2}
rCold   . . .        (no shield)
rNeg    . . .        (body armour unavailable)
rPois   .            (helmet restricted)
rElec   +            u - +0 cloak
rCorr   +            (no gloves)
SInv    .            y - +2 pair of boots "Weacif" {Int+4}
Will    .....        (no amulet)
Stlth   ++           d - ring of resist corrosion
HPRegen 0.34/turn    F - +6 ring of intelligence
MPRegen 0.18/turn

%: no passive effects
@: short of breath, drained
A: breathe lightning, AC +7, unfitting armour, electricity resistance,
cold-blooded
a: Breathe Lightning, Renounce Religion


You were on level 9 of the Dungeon.
You worshipped Vehumet.
Vehumet was greatly pleased with you.
You visited 1 branch of the dungeon, and saw 9 of its levels.
You also visited: Ossuary.

You collected 712 gold pieces.

Inventory:

Hand Weapons
 n - the +9 sling of Shrieking Terror (weapon) {heavy, Str+3 Dex+2}
   (You found it on level 2 of the Dungeon)

   Str+3:     It affects your strength (+3).
   Dex+2:     It affects your dexterity (+2).
 x - a +2 dagger of venom
Missiles
 e - 82 stones
 s - 9 poisoned darts
 D - 6 boomerangs
Armour
 u - a +0 cloak (worn)
 y - the +2 pair of boots "Weacif" (worn) {Int+4}
   (You found it on level 4 of the Dungeon)

   Int+4:     It affects your intelligence (+4).
Jewellery
 d - a ring of resist corrosion (left hand)
 F - a +6 ring of intelligence (right hand)
Wands
 f - a wand of iceblast (18)
 A - a wand of flame (9)
Scrolls
 b - 2 scrolls of fear {unknown}
 c - a scroll of enchant armour {unknown}
 h - a scroll of immolation {unknown}
 i - 2 scrolls of amnesia {unknown}
 j - 4 scrolls of poison
 k - 4 scrolls of teleportation
 o - 3 scrolls of fog {unknown}
 p - 2 scrolls of vulnerability {unknown}
 v - 3 scrolls of enchant weapon {unknown}
 w - 2 scrolls of revelation {unknown}
 z - a scroll of blinking {unknown}
 B - 3 scrolls of acquirement {unknown}
 C - a scroll of summoning {unknown}
 G - a scroll of torment {unknown}
 J - a scroll of brand weapon {unknown}
Potions
 a - a potion of magic
 g - 4 potions of might
 l - 3 potions of invisibility
 m - 3 potions of heal wounds {unknown}
 q - 4 potions of brilliance
 r - 3 potions of attraction
 t - 5 potions of lignification
 E - 2 potions of mutation {unknown}
 H - a potion of haste {unknown}
 I - a potion of cancellation {unknown}


   Skills:
 + Level 9.2 Fighting
 - Level 1.7 Dodging
 - Level 1.7 Stealth
 + Level 9.6 Spellcasting
 + Level 11.0 Conjurations
 + Level 0.6 Air Magic


You had 13 spell levels left.
You knew the following spells:

 Your Spells              Type           Power      Damage    Failure   Level
a - Magic Dart            Conj           100%       1d8       1%          1
b - Searing Ray           Conj           100%       2d8       1%          2
c - Fulminant Prism       Conj/Alch      25%        3d14      1%          4
d - Fireball              Conj/Fire      25%        3d11      2%          5
e - Mephitic Cloud        Conj/Alch/Air  40%        N/A       1%          3

Your spell library contained the following spells:

 Spells                   Type           Power      Damage    Failure   Level
 Frozen Ramparts          Ice            30%        1d5       2%          3
 Mercury Vapours          Alch/Air       34%        N/A       1%          2
 Iskenderun's Mystic Bla  Conj/Tloc      50%        2d11      1%          4
 Cigotuvi's Dreadful Rot  Necr/Alch/Air  32%        N/A       4%          2
 Ensorcelled Hibernation  Hex/Ice        30%        N/A       4%          2
 Freezing Cloud           Conj/Ice/Air   20%        6-21      5%          5
 Swiftness                Air            19%        N/A       8%          3
 Passwall                 Erth           15%        N/A       10%         3
 Cause Fear               Hex            7%         N/A       32%         4
 Dispel Undead            Necr           15%        3d10      32%         4
 Martyr's Knell           Necr/Summ      15%        N/A       32%         4
 Summon Forest            Summ/Tloc      7%         N/A       65%         5
 Eringya's Noxious Bog    Alch           7%         4d6       73%         6
 Death Channel            Necr           7%         N/A       99%         6
 Summon Hydra             Summ           7%         N/A       100%        7
 Dragon's Call            Summ           7%         N/A       100%        9


Dungeon Overview and Level Annotations

Branches:
Dungeon (9/15)             Temple (0/1) D:7            Lair (0/5) D:8
Ossuary (visited)
    Orc: D:9-12

Altars:
Elyvilon
Sif Muna
Vehumet

Annotations:
D:2 2 exclusions, Sigmund


Innate Abilities, Weirdness & Mutations

You can breathe wild blasts of lightning.
Your glossy black scales are hard. (AC +7)
You cannot fit into any form of body armour.
You are resistant to electric shocks. (rElec)
You are cold-blooded and may be slowed by cold attacks.


Message History

The soul eater hits you!
You feel drained.
The searing ray hits the soul eater but does no damage.
The soul eater is lightly wounded.
The soul eater draws from the surrounding life force!
The soul eater is healed.
Unknown command.
The soul eater hits you!
You feel drained.
The soul eater attacks as it pursues you!
The soul eater barely misses you.
As you read the scroll of teleportation, it crumbles to dust.
You feel strangely unstable. The soul eater barely misses you.
Unknown command.
Casting: Searing Ray (safe; 1% risk of failure)
Confirm with . or Enter, or press ? or * to list all spells.
Aiming: Fulminant Prism (mildly dangerous; 1% risk of failure)
Press: ? - help, Dir - move target, p - soul eater You conjure a prism of explosive energy!
A fulminant prism comes into view.
The soul eater hits you!
* * * LOW HITPOINT WARNING * * *
Unknown command.
Your surroundings suddenly seem different.
You hear a loud crackle.
Okay, then.
The smoke demon gestures at you. The ball of steam hits you!
* * * LOW HITPOINT WARNING * * *
Press: ? - help, v - describe, . - travel
Here: a smoke demon The floor.
Activating: Breathe Lightning (3% risk of failure)
Press: ? - help, Dir - look around, f - activate You breathe a wild blast of lightning!
The bolt of lightning hits you. You resist.
* * * LOW HITPOINT WARNING * * *
The bolt of lightning misses you.
The orb of electricity explodes!
The bolt of lightning misses the smoke demon.
The smoke demon hits you but does no damage.
The smoke demon hits you.
You die...

##.## ####+#'##....#
#).# #.......>.##.###
##.###..............#
#............#####.#
##....§§§....#####.##
#..§.≈≈§..##.......#
#.........##.####..#
#...#3..>.##.####..#
#...#@##...........#
#...#.##..##.##.#.##
#####.##..##.##.#.#
#$..........#.#
######.###.#.##.#
#...............#
######........###
#.#.###.## #.#.# #.#


You could see a smoke demon.

Vanquished Creatures
  A two-headed ogre (D:8)
  An elephant (D:8)
  Maggie (D:9)
  2 red devils (D:9)
  A shadow (D:9)
  Eustachio (D:6)
  2 ynoxinuls (D:9)
  5 yaks
  2 steam dragons
  Edmund (D:5)
  5 water moccasins
  An ice beast (D:8)
  2 black bears
  4 sky beasts (D:7)
  2 centaurs
  2 ogres (D:5)
  A kobold brigand (D:7)
  6 bullfrogs
  2 scorpions
  4 wights (D:9)
  4 killer bees (D:9)
  5 howler monkeys
  2 jellies
  A bombardier beetle (D:5)
  4 orc priests
  A hound (D:4)
  3 gnoll boudas
  Ijyb (D:5)
  6 orc wizards
  Natasha (D:2)
  2 iguanas
  8 mummies (Ossuary)
  16 gnolls
  12 adders
  3 white imps
  3 dart slugs
  2 ribbon worms
  23 orcs
  5 ball pythons
  2 endoplasms
  2 giant cockroaches
  4 goblins
  5 hobgoblins
  6 quokkas
  3 bats (D:3)
  10 frilled lizards
  2 gnoll zombies (Ossuary)
  A hobgoblin zombie (Ossuary)
  11 kobolds
  2 kobold zombies (Ossuary)
  3 orc zombies (Ossuary)
  8 rats
  A spectral hobgoblin (D:3)
208 creatures vanquished.

Vanquished Creatures (others)
  14 fulminant prisms
14 creatures vanquished.

Grand Total: 222 creatures vanquished

Notes
Turn   | Place    | Note
-------+----------+-------------------------------------------
     0 | D:1      | whatisthis the Draconian Conjurer began the quest for the
                  | Orb.
     0 | D:1      | Reached XP level 1. HP: 14/14 MP: 3/3
   305 | D:1      | Reached XP level 2. HP: 20/20 MP: 3/5
   704 | D:2      | Learned a level 2 spell: Searing Ray
   721 | D:2      | Noticed Sigmund
   772 | D:2      | Reached XP level 3. HP: 26/26 MP: 1/7
  1040 | D:2      | Noticed Natasha
  1049 | D:2      | Killed Natasha
  1050 | D:2      | Reached XP level 4. HP: 24/33 MP: 1/8
  1129 | D:2      | Identified the +9 sling of Shrieking Terror {heavy, Str+3
                  | Dex+2}
  1238 | D:2      | Reached skill level 5 in Conjurations
  1983 | D:3      | Reached XP level 5. HP: 36/38 MP: 10/10
  2073 | D:3      | Found a faded altar of an unknown god.
  2338 | D:3      | Found a radiant altar of Vehumet.
  2350 | D:3      | Became a worshipper of Vehumet
  2711 | D:4      | Identified the +2 pair of boots "Weacif" {Int+4}
  2750 | D:4      | Reached XP level 6. HP: 45/45 MP: 12/12
  2789 | D:4      | Reached skill level 6 in Conjurations
  2789 | D:4      | Reached * piety under Vehumet
  2789 | D:4      | Offered knowledge of Freeze by Vehumet.
  2959 | D:4      | You fall into a shaft and drop 3 floors!
  2966 | D:7      | Identified the blade talisman "Fyni Nan" {Int+5 Dex+3}
  2987 | D:7      | Noticed a sky beast
  2995 | D:7      | Killed a sky beast
  3001 | D:7      | Reached skill level 5 in Spellcasting
  3090 | D:7      | Your scales start taking on a glossy black colour.
  3090 | D:7      | Reached XP level 7. HP: 45/50 MP: 14/14
  3090 | D:7      | Gained mutation: You are resistant to electric shocks.
                  | (rElec) [Black Draconian growth]
  3281 | D:6      | Noticed a steam dragon
  3391 | D:6      | Reached skill level 7 in Conjurations
  3474 | D:5      | Entered Level 5 of the Dungeon
  3477 | D:5      | Noticed Ijyb
  3478 | D:5      | Reached skill level 1 in Fighting
  3480 | D:5      | Killed Ijyb
  3643 | D:5      | Reached XP level 8. HP: 61/61 MP: 17/17
  3685 | D:5      | Reached ** piety under Vehumet
  3685 | D:5      | Offered knowledge of Sting by Vehumet.
  3746 | D:5      | Found a shimmering blue altar of Sif Muna.
  3940 | D:5      | Noticed Edmund
  3981 | D:5      | Killed Edmund
  4003 | D:5      | Reached skill level 8 in Conjurations
  4013 | D:5      | Learned a level 4 spell: Fulminant Prism
  4246 | D:6      | Noticed Eustachio
  4283 | D:6      | Killed Eustachio
  5071 | D:7      | Reached skill level 5 in Fighting
  5094 | D:7      | Reached XP level 9. HP: 61/74 MP: 15/19
  5105 | D:7      | Offered knowledge of Momentum Strike by Vehumet.
  5255 | D:7      | Reached skill level 9 in Conjurations
  5317 | D:7      | Found a staircase to the Ecumenical Temple.
  5609 | D:7      | Identified the +2 pair of boots "Ekerecvuilu" {Will- Str+2
                  | Dex+4}
  5772 | D:8      | Found a sand-covered staircase.
  5777 | Ossuary  | Entered an ossuary
  5787 | Ossuary  | Reached *** piety under Vehumet
  6099 | D:8      | Learned a level 5 spell: Fireball
  6110 | D:8      | Noticed a two-headed ogre
  6366 | D:8      | Offered knowledge of Sticky Flame by Vehumet.
  6395 | D:8      | Learned a level 3 spell: Mephitic Cloud
  6418 | D:8      | Killed a two-headed ogre
  6539 | D:8      | Found a white marble altar of Elyvilon.
  6816 | D:8      | Reached XP level 10. HP: 74/86 MP: 14/22
  6889 | D:8      | Reached skill level 10 in Conjurations
  6948 | D:8      | Found a staircase to the Lair.
  6948 | D:8      | Noticed an elephant
  6958 | D:8      | Killed an elephant
  7676 | D:9      | Noticed a smoke demon
  7874 | D:9      | Noticed a soul eater
  7887 | D:9      | HP: 4/89 [barbs]
  8179 | D:9      | Reached **** piety under Vehumet
  8279 | D:9      | Offered knowledge of Frozen Ramparts by Vehumet.
  8478 | D:9      | Noticed Maggie
  8522 | D:9      | Killed Maggie
  8523 | D:9      | Reached skill level 11 in Conjurations
  8778 | D:9      | HP: 2/86 [bounced beam (4)]
  8778 | D:9      | Slain by a smoke demon

Illustrated notes

Levels and vault maps discovered:
D:1:      saegor_arrival_simple_c, layout_rooms
D:2:      minmay_inner_zag, layout_loops_ring, uniq_natasha, uniq_sigmund
D:3:      layout_rooms, vehumet_crystals,
          dreamdust_ecumenical_altar_drowned_temple, chequers_jeans
D:4:      layout_gridville, st_stairs_4, minmay_lizard_king
D:5:      layout_rooms, mainiacjoe_overflow_24_doors, serial_bayou,
          serial_bayou_lake_a, serial_bayou_pond_d, serial_bayou_pond_e,
          serial_bayou_crossing, serial_bayou_lagoon_a, serial_bayou_pond_c,
          uniq_edmund, uniq_ijyb
D:6:      layout_basic, uniq_eustachio
D:7:      layout_basic, minmay_temple_entry_drinking_statues, nicolae_tricolors
D:8:      layout_gridville, nicolae_overflow_crystal_walls,
          grunt_lair_entry_orc_guard_hut, lightli_ossuary_entry_decrepit_ruins
D:9:      layout_basic, serial_demonic, serial_demonic_d, serial_demonic_d,
          serial_demonic_g, serial_demonic_a, serial_demonic_a, uniq_maggie

Skill      XL: |  1  2  3  4  5  6  7  8  9 10 |
---------------+-------------------------------+-----
Spellcasting   | 3 4 5 6 7 8 9 |  9.6
Conjurations   | 5 6 7 8 9 11 | 11.0
Fighting       | 2 5 7 9 |  9.2
Dodging        | |  1.7
Stealth        | |  1.7
Air Magic      | |  0.6

Action                     |  1- 3 |  4- 6 |  7- 9 | 10-12 || total
---------------------------+-------+-------+-------+-------++-------
  Melee: Short sword       |    12 |     6 |       |       ||    18
         Tailslap          |     2 |       |       |       ||     2
   Fire: Sling             |       |    97 |   155 |    35 ||   287
  Throw: Dart              |       |       |     2 |       ||     2
   Cast: Magic Dart        |    31 |     3 |     2 |     8 ||    44
         Searing Ray       |     4 |     2 |    31 |    27 ||    64
         Fulminant Prism   |       |       |     8 |     6 ||    14
         Fireball          |       |       |    11 |    14 ||    25
         Mephitic Cloud    |       |       |       |     4 ||     4
Ability: Breathe Lightning |       |       |     2 |     1 ||     3
    Use: Scroll            |       |       |     9 |     5 ||    14
         Potion            |       |       |       |     4 ||     4
   Stab: Sleeping          |     1 |       |       |       ||     1
 Armour: Skin              |    12 |    33 |    93 |    94 ||   232
  Dodge: Dodged            |    11 |    53 |    81 |    67 ||   212

Table legend: (Time is in decaauts)
 A = Elapsed time spent in this place.
 B = Non-inter-level travel time spent in this place.
 C = Inter-level travel time spent in this place.
 D = Time resting spent in this place.
 E = Time spent auto-exploring this place.
 F = Levels seen in this place.
 G = Mean time per level.
                   A        B        C        D        E       F      G
               +--------+--------+--------+--------+--------+-----+--------+
         Total |   9155 |   8672 |    483 |   2333 |   2895 |  10 |  915.5 |
       Dungeon |   8871 |   8388 |    483 |   2283 |   2895 |   9 |  985.7 |
       Ossuary |    284 |    284 |      0 |     49 |      0 |   1 |  284.0 |
               +--------+--------+--------+--------+--------+-----+--------+

Top non-repeatable levels by time:
     D:8: 1550 daAuts
     D:2: 1348 daAuts
     D:6: 1271 daAuts
     D:7: 1146 daAuts
     D:9: 1104 daAuts
     D:5: 699 daAuts
     D:1: 620 daAuts
     D:4: 602 daAuts
     D:3: 527 daAuts
 Ossuary: 284 daAuts
